 Dungeon Crawl Stone Soup version 0.19.0-19-g8c6edcc (webtiles) character file.

14011 tizzy the Cleaver (level 11, -11/84 HPs)
             Began as a Demonspawn Fighter on Nov 15, 2016.
             Was an Elder of Okawaru.
             Mangled by an orc warlord
             ... wielding a +3 long sword of holy wrath
              (24 damage)
             ... on level 2 of the Orcish Mines.
             The game lasted 00:38:32 (16491 turns).

tizzy the Cleaver (Demonspawn Fighter)             Turns: 16491, Time: 00:38:34

Health: -11/84     AC: 25    Str: 20    XL:     11   Next: 83%
Magic:  11/16      EV: 11    Int: 10    God:    Okawaru [****..]
Gold:   1308       SH:  7    Dex: 16    Spells: 0 memorised, 10 levels left

rFire  . . .     SeeInvis .     x - +1 hand axe (venom)
rCold  + . .     Gourm    +     F - +3 chain mail {rPois}
rNeg   . . .     Faith    .     H - +0 buckler
rPois  +         Spirit   .     h - +1 helmet
rElec  .         Reflect  .     u - +0 cloak
rCorr  .         Harm     .     (gloves unavailable)
MR     .....                    O - +1 pair of boots
Stlth  ++........               I - amulet of the gourmand
                                r - ring of stealth
                                s - +5 ring of protection

@: heroism, finesse
A: claws 3, thin skeletal structure 2, cold resistance 1
a: Heroism, Renounce Religion


You were on level 2 of the Orcish Mines.
You worshipped Okawaru.
Okawaru was greatly pleased with you.
You were completely stuffed.

You visited 3 branches of the dungeon, and saw 14 of its levels.

You collected 1408 gold pieces.
You spent 100 gold pieces at shops.

Inventory:

Hand Weapons
 a - a +1 war axe
 c - a +0 blowgun
 x - a +1 hand axe of venom (weapon)
 E - a +4 scimitar of flaming
Missiles
 C - 17 poisoned needles
 Q - 6 poisoned tomahawks (quivered)
Armour
 h - a +1 helmet (worn)
 u - a +0 cloak (worn)
 F - a +3 chain mail of poison resistance (worn)
 H - a +0 buckler (worn)
 O - a +1 pair of boots (worn)
Jewellery
 l - an uncursed ring of protection from cold
 r - a ring of stealth (right claw)
 s - a +5 ring of protection (left claw)
 I - an amulet of the gourmand (around neck)
Wands
 D - a wand of iceblast (9/15)
 G - a wand of flame (17/48)
 M - a wand of lightning (6/15)
 N - a wand of enslavement (11/24)
Scrolls
 j - 2 scrolls of enchant weapon
 k - 9 scrolls of identify
 n - 6 scrolls of enchant armour
 L - 3 scrolls of remove curse
 P - 4 scrolls of magic mapping
Potions
 d - 2 potions of might
 e - a potion of agility {unknown}
 i - 2 potions of lignification {unknown}
 m - 3 potions of haste
 o - 2 potions of curing {unknown}
 q - 2 potions of ambrosia
 t - a potion of magic {unknown}
 w - a potion of berserk rage {unknown}
 z - a potion of invisibility {unknown}
 J - 2 potions of flight {unknown}
 K - a potion of mutation {unknown}
Books
 b - a book of Flames

   Spells                             Type                      Level
   a - Flame Tongue                   Conjuration/Fire             1
   b - Throw Flame                    Conjuration/Fire             2
   c - Conjure Flame                  Conjuration/Fire             3
   d - Inner Flame                    Hexes/Fire                   3
   e - Sticky Flame                   Conjuration/Fire             4
   f - Fireball                       Conjuration/Fire             5
 v - a book of Maledictions

   Spells                             Type                      Level
   a - Corona                         Hexes                        1
   b - Ensorcelled Hibernation        Hexes/Ice                    2
   c - Confuse                        Hexes                        3
   d - Tukima's Dance                 Hexes                        3
   e - Dazzling Spray                 Conjuration/Hexes            3
 y - a book of Misfortune

   Spells                             Type                      Level
   a - Confusing Touch                Hexes                        1
   b - Confuse                        Hexes                        3
   c - Gell's Gravitas                Hexes/Translocation          3
   d - Petrify                        Transmutation/Earth          4
   e - Metabolic Englaciation         Hexes/Ice                    5
   f - Yara's Violent Unravelling     Hexes/Transmutation          5
 B - a book of Conjurations

   Spells                             Type                      Level
   a - Magic Dart                     Conjuration                  1
   b - Searing Ray                    Conjuration                  2
   c - Dazzling Spray                 Conjuration/Hexes            3
   d - Fulminant Prism                Conjuration/Hexes            4
   e - Iskenderun's Mystic Blast      Conjuration                  4
   f - Iskenderun's Battlesphere      Conjuration/Charms           5
Comestibles
 f - 6 bread rations
 g - 11 meat rations
 p - 6 chunks of flesh
 A - 11 fruits


   Skills:
 + Level 7.6(12.6) Fighting
 * Level 13.9(18.9) Axes
 - Level 5.0(10.0) Armour
 - Level 5.6(10.6) Shields
 - Level 6.8 Invocations


You had 10 spell levels left.
You didn't know any spells.

Dungeon Overview and Level Annotations

Branches:
Dungeon (11/15)            Temple (1/1) D:4            Lair (0/6) D:9
    Orc (2/2) D:10            Elf (0/3) Orc:2

Altars:
Ashenzari
Cheibriados
Dithmenos
Elyvilon
Fedhas
Gozag
Hepliaklqana
Kikubaaqudgha
Makhleb
Nemelex Xobeh
Okawaru
Qazlal
Ru
Sif Muna
Trog
Uskayaw
Vehumet
Xom
Yredelemnul
Zin
The Shining One

Shops:
D:4 }   Orc:2 }

Annotations:
D:4 Edmund
D:11 Snorg


Innate Abilities, Weirdness & Mutations

You have claws for hands.
You have a moderately thin skeletal structure. (Dex +4, Stealth+)
Your flesh is cold resistant. (rC+)


Message History

The orc warlord is severely wounded.
You hit the orc warlord.
The orc warlord is severely wounded.
You barely miss the orc warlord.
The orc warlord is severely wounded.
You hit the orc warlord but do no damage.
The orc warlord is severely wounded.
You block the orc warlord's attack.
You hit the orc warlord but do no damage.
The orc warlord is severely wounded.
You barely miss the orc warlord.
The orc warlord is severely wounded.
Your chain mail prevents you from hitting the orc warlord.
The orc warlord is severely wounded.
You hit the orc warlord.
The orc warlord is severely wounded.
The orc warlord hits you with a long sword of holy wrath!!
* * * LOW HITPOINT WARNING * * *
You convulse!!
You die...

.##### #..........##.##[)......#
.....#####........#####.....##.##
.[)..#.##..[)#......###.....)..##
.....).)#..###..[...#.#......[...
.....)).)).# #....[[.............
.......)...###....<[......#.###..
.......)....#....#[......#### ###
.....[...).#[[.)#o[......#
.......[[...)...@#....####
........[..[....####...#
...#....#.#)...## #.####
..#.....####...# ###
...#.#....###..##
#.#####....##...# ### ##..####.##
#### ###


You could see an orc warlord.

Vanquished Creatures
  Erica (D:8)
  An unseen horror (D:10)
  2 orc knights (Orc:2)
  2 hill giants
  2 orc sorcerers
  A two-headed ogre (D:8)
  3 trolls
  A hornet (D:10)
  3 hippogriffs
  A wraith (D:10)
  A wyvern (D:9)
  A hungry ghost (D:10)
  2 wargs
  Duvessa (D:7)
  3 porcupines (D:9)
  A black bear (D:8)
  18 orc warriors
  An ice beast (D:8)
  3 sky beasts
  7 ogres
  A phantom (D:10)
  3 crocodiles
  2 centaurs
  3 big kobolds
  9 bullfrogs
  Dowan (D:7)
  A wyvern zombie (D:8)
  A scorpion (D:6)
  4 killer bees (D:11)
  4 wights (D:11)
  A howler monkey (D:6)
  5 crimson imps
  4 jellies
  A centaur skeleton (D:10)
  3 centaur zombies
  2 hounds
  27 orc priests
  16 orc wizards
  A bullfrog skeleton (D:6)
  11 iguanas
  10 worker ants
  Natasha (twice) (D:2)
  A hound skeleton (D:6)
  A hound zombie (D:9)
  A mummy (D:8)
  A worker ant zombie (D:8)
  Robin (D:2)
  15 gnolls
  2 howler monkey skeletons
  9 adders
  3 river rats (D:9)
  2 shadow imps
  An adder zombie (D:8)
  An adder skeleton (D:8)
  3 worms
  5 dart slugs
  12 leopard geckos
  56 orcs
  8 bats
  9 giant cockroaches
  20 goblins
  12 hobgoblins
  13 jackals
  22 kobolds
  6 quokkas
  2 ball pythons (D:2)
  4 frilled lizards
  A jackal skeleton (D:7)
  2 jackal zombies
  A quokka skeleton (D:9)
  A quokka zombie (D:5)
  11 rats
  A plant (D:9)
394 creatures vanquished.

Vanquished Creatures (others)
  2 orcs (Orc:2)
2 creatures vanquished.

Grand Total: 396 creatures vanquished

Notes
Turn   | Place    | Note
-------+----------+-------------------------------------------
     0 | D:1      | tizzy the Demonspawn Fighter began the quest for the Orb.
     0 | D:1      | Reached XP level 1. HP: 18/18 MP: 1/1
   102 | D:1      | Reached skill level 2 in Axes
   290 | D:1      | Gained mutation: Your flesh is cold resistant. (rC+) [demonic ancestry]
   290 | D:1      | Reached XP level 2. HP: 24/24 MP: 2/2
   632 | D:1      | Reached skill level 3 in Axes
   759 | D:2      | Reached XP level 3. HP: 17/29 MP: 3/3
  1113 | D:2      | Noticed Robin
  1281 | D:2      | Killed Robin
  1281 | D:2      | Reached XP level 4. HP: 35/35 MP: 4/4
  1287 | D:2      | Reached skill level 4 in Axes
  1720 | D:2      | Gained mutation: You have sharp fingernails. [demonic ancestry]
  1720 | D:2      | Reached XP level 5. HP: 38/41 MP: 5/5
  1829 | D:2      | Noticed Natasha
  1839 | D:2      | Killed Natasha
  1839 | D:2      | Reached skill level 5 in Axes
  1997 | D:2      | Noticed Natasha
  2007 | D:2      | Killed Natasha
  2504 | D:3      | Noticed an ogre
  2513 | D:3      | Killed an ogre
  2513 | D:3      | Reached skill level 6 in Axes
  2513 | D:3      | Reached XP level 6. HP: 15/47 MP: 6/6
  3278 | D:3      | Found a glowing silver altar of Zin.
  3278 | D:3      | Noticed an angel
  3514 | D:4      | Found a staircase to the Ecumenical Temple.
  3524 | Temple   | Entered the Ecumenical Temple
  3729 | Temple   | Became a worshipper of Warmaster Okawaru
  3846 | D:4      | Got an ancient dagger
  3863 | D:4      | Noticed Edmund
  3993 | D:4      | Reached skill level 7 in Axes
  3993 | D:4      | Gained mutation: You have a somewhat thin skeletal structure. (Dex +2, Stealth) [demonic ancestry]
  3993 | D:4      | Reached XP level 7. HP: 42/52 MP: 7/7
  4193 | D:4      | Found a deep blue altar of Sif Muna.
  4216 | D:4      | Found an opulent altar of Gozag.
  4216 | D:4      | Found a bloodstained altar of Trog.
  4250 | D:4      | Found Gutefea's Gadget Boutique.
  4253 | D:4      | Bought a wand of iceblast (6/15) for 100 gold pieces
  4378 | D:5      | Entered Level 5 of the Dungeon
  4607 | D:5      | Reached skill level 8 in Axes
  5000 | D:5      | Reached * piety under Okawaru
  5000 | D:5      | Gained mutation: You have very sharp fingernails. [demonic ancestry]
  5000 | D:5      | Reached XP level 8. HP: 28/58 MP: 8/8
  5473 | D:6      | Found a glowing golden altar of the Shining One.
  5486 | D:6      | Reached skill level 9 in Axes
  6115 | D:6      | Identified the cursed +0 dagger of the Median {pierce, rPois rF+} (You found it on level 4 of the Dungeon)
  6167 | D:6      | Reached ** piety under Okawaru
  6174 | D:6      | Reached skill level 10 in Axes
  6422 | D:6      | Found a hazy altar of Hepliaklqana.
  6750 | D:7      | Gained mutation: You have claws for hands. [demonic ancestry]
  6750 | D:7      | Reached XP level 9. HP: 37/63 MP: 9/9
  6990 | D:6      | Reached *** piety under Okawaru
  7119 | D:7      | Noticed Dowan
  7120 | D:7      | Noticed Duvessa
  7158 | D:7      | Killed Duvessa
  7159 | D:7      | Killed Dowan
  7266 | D:7      | Reached skill level 11 in Axes
  7266 | D:7      | Reached skill level 5 in Armour
  7784 | D:8      | Noticed Erica
  7809 | D:8      | Killed Erica
  7809 | D:8      | Reached **** piety under Okawaru
  8188 | D:8      | Gained mutation: You have a moderately thin skeletal structure. (Dex +4, Stealth+) [demonic ancestry]
  8188 | D:8      | Reached XP level 10. HP: 72/72 MP: 12/12
  8387 | D:8      | Found a hide-covered altar of Uskayaw.
  8618 | D:8      | Found a snail-covered altar of Cheibriados.
  9199 | D:9      | Identified a scroll of acquirement
  9543 | D:9      | Reached skill level 12 in Axes
  9553 | D:9      | Found a staircase to the Lair.
  9858 | D:9      | Reached skill level 5 in Fighting
 10075 | D:10     | Entered Level 10 of the Dungeon
 10088 | D:10     | Reached skill level 5 in Invocations
 10147 | D:10     | Reached ***** piety under Okawaru
 10202 | D:10     | Killed an unseen horror
 10382 | D:10     | Reached skill level 5 in Shields
 10597 | D:10     | Found a staircase to the Orcish Mines.
 10712 | D:10     | Received a gift from Okawaru
 10885 | D:10     | Reached XP level 11. HP: 77/81 MP: 15/15
 11001 | D:10     | Noticed a hill giant
 11015 | D:10     | Killed a hill giant
 11259 | D:11     | Noticed a hill giant
 11306 | D:11     | Killed a hill giant
 11351 | D:11     | Noticed Snorg
 11906 | D:11     | Noticed a hill giant
 12305 | Orc:1    | Entered Level 1 of the Orcish Mines
 12397 | Orc:2    | Entered Level 2 of the Orcish Mines
 12410 | Orc:2    | Found a staircase to the Elven Halls.
 12719 | Orc:2    | Found Xienets's Gadget Boutique.
 12746 | Orc:2    | Noticed an orc sorcerer
 12776 | Orc:2    | Killed an orc sorcerer
 12776 | Orc:2    | Reached skill level 13 in Axes
 13175 | Orc:2    | Noticed an orc sorcerer
 13703 | Orc:1    | Killed an orc sorcerer
 15428 | Orc:1    | Noticed an orc high priest
 15429 | Orc:1    | Noticed an orc sorcerer
 15504 | Orc:2    | Noticed an orc knight
 15733 | Orc:2    | Noticed an orc knight
 15787 | Orc:2    | Killed an orc knight
 15978 | Orc:2    | Killed an orc knight
 16447 | Orc:1    | Noticed an orc sorcerer
 16447 | Orc:1    | Noticed an orc warlord
 16491 | Orc:2    | Mangled by an orc warlord

Skill      XL: |  1  2  3  4  5  6  7  8  9 10 11 |
---------------+----------------------------------+-----
Axes           | 2 3 4 6 7 8 10 11 12 13 | 13.9
Armour         | 4 5 |  5.0
Shields        | 3 5 |  5.6
Invocations    | 3 6 |  6.8
Fighting       | 4 5 7 |  7.6

Action                   |  1- 3 |  4- 6 |  7- 9 | 10-12 || total
-------------------------+-------+-------+-------+-------++-------
Melee: War axe           |   128 |   280 |   230 |       ||   638
       Hand axe          |       |       |   239 |   929 ||  1168
       Scimitar          |       |       |       |     9 ||     9
 Fire: Blowgun           |       |       |     3 |     6 ||     9
Invok: Heroism           |       |       |     3 |     8 ||    11
       Finesse           |       |       |       |     6 ||     6
Evoke: Wand              |       |       |     3 |       ||     3
  Use: Scroll            |       |       |    11 |     8 ||    19
       Potion            |       |       |       |     3 ||     3
  Eat: Chunk             |     1 |     9 |    12 |    43 ||    65
       Royal jelly       |       |       |     1 |       ||     1
       Pizza             |       |       |       |     1 ||     1
       Beef jerky        |       |       |       |     1 ||     1
Armor: Scale mail        |    65 |    65 |       |       ||   130
       Ring mail         |       |    61 |    76 |       ||   137
       Chain mail        |       |       |   197 |   372 ||   569
Dodge: Dodged            |    44 |    99 |   151 |   200 ||   494
Block: Shield            |    69 |   132 |    63 |       ||   264
       Buckler           |       |       |    43 |   177 ||   220
       Rpst.: Scimitar   |       |       |       |     1 ||     1
